 Dungeon Crawl Stone Soup version 0.15-a0-734-g2b8d6ef (webtiles) character file.

155 PolkaDot the Caller (level 5, 0/35 HPs)
             Began as a Vampire Summoner on May 11, 2014.
             Slain by an orc
             ... wielding a +0,+0 hand axe
              (1 damage)
             ... on Level 3 of the Dungeon.
             The game lasted 00:12:08 (2873 turns).

PolkaDot the Caller (Vampire Summoner)              Turns: 2873, Time: 00:12:08

HP   0/35        AC  5     Str  7      XL: 5   Next: 14%
MP   0/9         EV 12     Int 18      God:
Gold 116         SH  0     Dex 14      Spells:  2 memorised,  4 levels left

rFire  . . .     SeeInvis +     o - +0 trident
rCold  . . .     Clarity  .     a - +0 robe
rNeg   + . .     Conserve .     (no shield)
rPois  .         rCorr    .     (no helmet)
rElec  .         rRot     .     t - +1 cloak
SustAb . .       Spirit   +     s - +0 pair of gloves
rMut   .         Warding  .     (no boots)
Gourm  .         Stasis   .     i - amulet of guardian spirit
MR     .....                    (no ring)
                                (no ring)

@: not resistant to hostile enchantments, unstealthy
A: fangs 3, see invisible, unbreathing
a: Bat Form


You were on level 3 of the Dungeon.
You were not thirsty.

You visited 1 branch of the dungeon, and saw 3 of its levels.

You collected 116 gold pieces.

Inventory:

Hand weapons
 o - a +0,+0 trident (weapon)
Missiles
 e - 8 darts of frost
 j - 28 darts (quivered)
Armour
 a - a +0 robe (worn)
 s - a +0 pair of gloves (worn)
 t - a +1 cloak (worn)
Magical devices
 m - a wand of slowing (0)
Scrolls
 f - 2 scrolls of identify {unknown}
 g - 2 scrolls of amnesia {unknown}
 h - a scroll of recharging {unknown}
 n - 2 scrolls of remove curse {unknown}
Jewellery
 i - an amulet of guardian spirit (around neck)
Potions
 c - a potion of mutation {unknown}
 l - a potion of agility {unknown}
 p - a potion of poison {unknown}
 q - a potion of brilliance {unknown}
 r - a potion of degeneration {unknown}
Books
 b - a book of Callings

   Spells                             Type                      Level
   *Summon Small Mammal               Summoning                    1
   Call Imp                           Summoning                    2
   *Call Canine Familiar              Summoning                    3
   Summon Guardian Golem              Hexes/Summoning              4
   Summon Lightning Spire             Summoning/Air                4
   Summon Ice Beast                   Ice/Summoning                4


   Skills:
   Level 1.9 Short Blades
 - Level 1.0 Polearms
 - Level 2.1 Dodging
 - Level 3.0 Stealth
 - Level 2.0 Spellcasting
 * Level 5.9 Summonings


You had 4 spell levels left.
You knew the following spells:

 Your Spells              Type           Power        Failure   Level  Hunger
a - Summon Small Mammal   Summ           ###.         1%          1    #......
d - Call Canine Familiar  Summ           ###.....     6%          3    ####...


Dungeon Overview and Level Annotations

Branches:
Dungeon (3/15)

Altars:
Dithmenos


Innate Abilities, Weirdness & Mutations

You have razor-sharp teeth.*
You have supernaturally acute eyesight.
You can survive without breathing.*


Message History

The orc hits you with a hand axe. The orc closely misses you.
The orc barely misses you.
Attack whom?
Press: ? - help, Dir - move target cursor, f/p - orc priest
Aim: an orc priest (almost dead)
You reach to attack!
You barely miss the orc priest.
The orc priest is almost dead.
The orc hits you but does no damage. The orc hits you with a hand axe.
* * * LOW MAGIC WARNING * * *;
* * * LOW HITPOINT WARNING * * *
The orc barely misses you. The orc closely misses you.
Attack whom?
Press: ? - help, Dir - move target cursor, f/p - orc priest
Aim: an orc priest (almost dead)
The orc is in the way.
You hit the orc. Your bite misses the orc.
The orc is heavily wounded.
The orc hits you.
* * * LOW HITPOINT WARNING * * *
The orc hits you with a hand axe.
* * * LOW MAGIC WARNING * * *
You die...

##### #...#
########...####...#
.......>.........#
..#......(.......#
..#......##......#
.#####)..#####...#
## #...# ###.# ##
#...# #.###...#
#...# #@o%....#
##### #oo.....#
#oo...### ..#...#
##.....# #...###
#...# #.### ..#


You could see an orc priest and 4 orcs.

Vanquished Creatures
  Crazy Yiuf (D:3)
  Ijyb (D:3)
  Jessica (D:2)
  3 adders
  A worm (D:2)
  2 giant geckos (D:2)
  6 hobgoblins
  5 jackals
  A ball python (D:2)
  5 bats
  6 giant cockroaches
  2 giant newts
  7 goblins
  4 kobolds
  2 quokkas
  5 rats
52 creatures vanquished.

Vanquished Creatures (collateral kills)
  Terence (D:2)
  2 adders
  A giant cockroach (D:1)
  2 hobgoblins
  2 jackals
  A goblin (D:1)
  A kobold (D:1)
  A rat (D:1)
11 creatures vanquished.

Vanquished Creatures (others)
  4 hounds (D:3)
  A bat (D:1)
  2 quokkas
  A rat (D:1)
8 creatures vanquished.

Grand Total: 71 creatures vanquished

Notes
Turn   | Place    | Note
--------------------------------------------------------------
     0 | D:1      | PolkaDot, the Vampire Summoner, began the quest for the Orb.
     0 | D:1      | Reached XP level 1. HP: 13/13 MP: 3/3
   415 | D:1      | Reached XP level 2. HP: 5/19 MP: 1/4
  1107 | D:2      | Reached skill level 1 in Short Blades
  1182 | D:2      | Reached XP level 3. HP: 18/24 MP: 6/6
  1245 | D:2      | Noticed Terence
  1275 | D:1      | Learned a level 3 spell: Call Canine Familiar
  1324 | D:2      | Killed Terence
  1324 | D:2      | Reached skill level 5 in Summonings
  1480 | D:2      | Noticed Jessica
  1498 | D:2      | Killed Jessica
  1596 | D:2      | Reached XP level 4. HP: 28/30 MP: 5/7
  2138 | D:2      | Found a shadowy altar of Dithmenos.
  2635 | D:3      | Noticed Crazy Yiuf
  2650 | D:3      | Killed Crazy Yiuf
  2712 | D:3      | Noticed Ijyb
  2739 | D:3      | Killed Ijyb
  2739 | D:3      | Reached skill level 1 in Polearms
  2739 | D:3      | Reached XP level 5. HP: 14/35 MP: 5/9
  2873 | D:3      | HP: 1/35 [orc (5)]
  2873 | D:3      | Slain by an orc

Action                   |  1- 3 |  4- 6 || total
-------------------------+-------+-------++-------
Melee: Unarmed           |    32 |       ||    32
       Dagger            |    93 |    25 ||   118
       Trident           |       |    99 ||    99
Throw: Stone             |    13 |    23 ||    36
       Dart              |       |     5 ||     5
 Cast: Summon Small Mamm |    20 |     1 ||    21
       Call Canine Famil |     1 |     7 ||     8
  Use: Potion            |     2 |     1 ||     3
 Stab: Sleeping          |     4 |     3 ||     7
       Distracted        |       |     2 ||     2
